 Dungeon Crawl Stone Soup version 0.30.1-8-g117510f58f (webtiles) character file.

Game seed: 8317141454190177030

3 kebabshishkebab the Trooper (level 1, 0/20 HPs)
             Began as a Hill Orc Berserker on Sept 22, 2023.
             Was a Follower of Trog.
             Slain by a kobold
             ... wielding a +0 dagger
              (1 damage)
             ... on level 1 of the Dungeon.
             The game lasted 00:01:31 (94 turns).

kebabshishkebab the Trooper (Hill Orc Berserker)      Turns: 94, Time: 00:01:32

Health: 0/20       AC:  2    Str: 19    XL:     1   Next: 50%
Magic:  1/1        EV: 12    Int:  7    God:    Trog [*.....]
Gold:   25         SH:  0    Dex: 10    Spells: 0/0 levels left

rFire   . . .        a - +0 mace
rCold   . . .        (no shield)
rNeg    . . .        b - +0 animal skin
rPois   .            (no helmet)
rElec   .            (no cloak)
rCorr   .            (no gloves)
SInv    .            (no boots)
Will    .....        (no amulet)
Stlth   +            (no ring)
HPRegen 0.23/turn    (no ring)
MPRegen 0.07/turn

%: no passive effects
@: no status effects
A: no striking features
a: Renounce Religion, Berserk


You were on level 1 of the Dungeon.
You worshipped Trog.
Trog was aware of your devotion.
You visited 1 branch of the dungeon, and saw 1 of its levels.

You collected 25 gold pieces.

Inventory:

Hand Weapons
 a - a +0 mace (weapon)
 d - a +0 short sword
Missiles
 f - 4 stones (quivered)
Armour
 b - a +0 animal skin (worn)
 e - a +0 pair of boots
Scrolls
 c - a scroll of identify {unknown}


   Skills:
 + Level 3.7 Fighting
 + Level 3.4 Maces & Flails
 + Level 2.2 Armour
 + Level 1.6 Dodging


You couldn't memorise any spells.
You didn't know any spells.
Your spell library was empty.

Dungeon Overview and Level Annotations

Branches:
Dungeon (1/15)

Altars:


Message History

You closely miss the hobgoblin.
The hobgoblin is almost dead.
The bat hits you.
The kobold throws a stone.
The stone barely misses you. The hobgoblin closely misses you.
The hobgoblin barely misses you.
The kobold throws a stone.
The stone hits you but does no damage.
You closely miss the hobgoblin.
The hobgoblin is almost dead.
The bat hits you but does no damage. The hobgoblin misses you.
You closely miss the hobgoblin.
The hobgoblin is almost dead.
The bat closely misses you. The kobold misses you.
The hobgoblin barely misses you.
You barely miss the hobgoblin.
The hobgoblin is almost dead.
The bat closely misses you. The kobold hits you with a +0 dagger.
The kobold throws a stone.
The stone hits you. The hobgoblin barely misses you.
You sock the hobgoblin!
You kill the hobgoblin!
Trog accepts your kill. The bat closely misses you.
The kobold hits you with a +0 dagger. The kobold misses you.
You barely miss the kobold. The bat barely misses you.
The kobold closely misses you.
You closely miss the kobold. The bat misses you.
The kobold hits you but does no damage. The kobold hits you with a +0 dagger.
You hit the kobold.
The kobold is moderately wounded.
The kobold hits you with a +0 dagger. x2; The bat closely misses you.
You hit the bat.
The bat is heavily wounded.
The bat hits you.
The kobold hits you with a +0 dagger. x2
* * * LOW HITPOINT WARNING * * *
The kobold barely misses you. The kobold hits you with a +0 dagger.
* * * LOW HITPOINT WARNING * * *
You closely miss the bat.
The bat is heavily wounded.
The bat hits you but does no damage. The kobold hits you with a +0 dagger.
* * * LOW HITPOINT WARNING * * *
The kobold hits you with a +0 dagger.
You die...

# # ...... # #.... . ##
##+# ### #...# ..
.###..###..# #...##...
...........# #........
.........### #........
....###..#######K†......
....#..........#@.......
................K..b....
....#..........#........
#...†..........#........
...............#....)...
#####..........#.....:..
.......##########..###..
.......# ### ## <.....##


You could see a bat and 2 kobolds.

Vanquished Creatures
  A ball python (D:1)
  A hobgoblin (D:1)
  A bat (D:1)
3 creatures vanquished.

Notes
Turn   | Place    | Note
-------+----------+-------------------------------------------
     0 | D:1      | kebabshishkebab the Hill Orc Berserker began the quest for
                  | the Orb.
     0 | D:1      | Reached XP level 1. HP: 19/19 MP: 1/1
    94 | D:1      | HP: 1/20 [kobold/+0 dagger (2)]
    94 | D:1      | Slain by a kobold

Illustrated notes

Levels and vault maps discovered:
D:1:      minmay_arrival_semitransparent, layout_rooms, serial_aquarium,
          aquarium_bridge_square [aquarium_subvault_window,
          aquarium_subvault_wall, aquarium_subvault_bridge,
          aquarium_subvault_bridge], aquarium_bridge_square
          [aquarium_subvault_window, aquarium_subvault_bridge,
          aquarium_subvault_bridge, aquarium_subvault_wall],
          aquarium_window_fake, aquarium_window_fake, aquarium_view_2b,
          aquarium_balcony_3b, aquarium_pool_double, dreamdust_wishing_well,
          hangedman_decor_growths

Action                     || total
---------------------------++-------
  Melee: Mace              ||    13
 Armour: Animal skin       ||     7
  Dodge: Dodged            ||    23
